Ice Dragons vs Staline
Created - 19 octobre 2014 at 19:26
Goals
|
| Ice Dragons |
1 |
1 |
0 |
0 |
0 |
2 |
| Staline |
0 |
2 |
0 |
0 |
1 |
3 |
|
Shots
|
| Ice Dragons |
5 |
9 |
10 |
1 |
4 |
25 |
| Staline |
11 |
15 |
13 |
0 |
4 |
39 |
|
1st period
1. Ice Dragons , Jeff Tambellini 10 (Kris Beech) at 14:40
Penalties :
Raymond Sawada (Val) for Hooking (Minor) at 15:41
2nd period
2. Staline , Andrei Loktionov 13 (Cam Janssen, Theo Peckham) at 2:37
3. Ice Dragons , Troy Brouwer 7 (Cal Clutterbuck, Alexander Radulov) at 4:50
4. Staline , Mason Raymond 4 (Andrei Loktionov, Jared Boll) at 11:22
Penalties :
J.T. Wyman (StJ) for Hooking (Minor) at 7:30, Tyler Cuma (StJ) for Holding (Minor) at 9:13, Martin Hanzal (Val) for Hooking (Minor) at 14:28
3rd period
No Goal
Penalties :
Tyler Cuma (StJ) for Goalie Interference (Minor) at 3:27, Martin Hanzal (Val) for Hooking (Minor) at 3:31, Stu Bickel (StJ) for Hooking (Minor) at 8:26, Adam Pardy (Val) for Hooking (Minor) at 18:44
Overtime #1
No Goal
Penalties :
No Penalty
Shootout
Penalty Shot by Martin Hanzal for Ice Dragons - Stopped by Tobias Stephan
Penalty Shot by Devin Setoguchi for Staline - Stopped by Anders Nilsson
Penalty Shot by Jeff Tambellini for Ice Dragons - Shot Misses the Net
Penalty Shot by Yan Stastny for Staline - Stopped by Anders Nilsson
Penalty Shot by Troy Brouwer for Ice Dragons - Stopped by Tobias Stephan
Penalty Shot by Brandon Prust for Staline - Stopped by Anders Nilsson
Penalty Shot by Alexander Radulov for Ice Dragons - Shot Misses the Net
Penalty Shot by Cam Janssen for Staline - Goal!
Penalties :
No Penalty
Goalie Stats
Anders Nilsson (Val), 37 saves from 39 shots - (0,949), OTL, 3-0-1, 65:00 minutes
Tobias Stephan (StJ), 23 saves from 25 shots - (0,920), W, 9-1-1, 65:00 minutes
Players Stats for Ice Dragons
Player Name G A P +/- PIM S H SB GA TA FO MP PP MP PK MP
------------------------------------------------------------------------------------
Adam Pardy 0 0 0 1 2 1 1 0 3 2 0/0 23:46 3:07 2:20
Alexander Radulov 0 1 1 0 0 1 0 0 0 0 0/1 18:01 2:55 0:00
Boris Valabik 0 0 0 -1 0 0 1 0 0 0 0/0 23:02 2:38 3:33
Brayden McNabb 0 0 0 0 0 0 0 0 0 0 0/0 6:53 0:00 0:00
Cal Clutterbuck 0 1 1 1 0 3 3 0 0 0 0/1 15:47 2:34 1:32
Danny Syvret 0 0 0 0 0 0 0 0 0 0 0/0 10:44 0:00 2:24
Jeff Tambellini 1 0 1 1 0 3 2 0 0 1 1/2 17:53 0:21 3:17
John Mitchell 0 0 0 -2 0 0 2 1 0 0 3/4 10:03 0:00 0:29
Jonathan Blum 0 0 0 -1 0 1 0 3 0 0 0/0 16:08 2:38 1:17
Kevin Klein 0 0 0 1 0 0 1 2 0 2 0/0 26:45 3:07 2:28
Kris Beech 0 1 1 1 0 3 2 0 0 0 7/14 16:11 0:00 3:32
Martin Hanzal 0 0 0 0 4 3 1 0 1 0 12/26 19:52 2:54 0:27
Mats Zuccarello 0 0 0 0 0 2 1 0 0 0 0/0 19:19 2:55 0:00
Matt Walker 0 0 0 0 0 1 0 0 0 1 0/0 13:21 0:00 0:00
Patrick O'Sullivan 0 0 0 1 0 4 0 0 0 1 3/10 16:59 2:40 0:04
Paul Bissonnette 0 0 0 -2 0 0 1 1 1 0 0/0 10:29 0:00 0:18
Raymond Sawada 0 0 0 1 2 1 1 0 0 0 0/1 10:52 0:05 0:00
Shean Donovan 0 0 0 -2 0 0 0 0 0 0 0/0 11:16 0:16 1:39
Troy Brouwer 1 0 1 1 0 2 0 0 0 0 1/1 15:03 2:34 0:00
Tyler Eckford 0 0 0 0 0 0 0 1 0 0 0/0 9:36 0:00 0:00
Players Stats for Staline
Player Name G A P +/- PIM S H SB GA TA FO MP PP MP PK MP
------------------------------------------------------------------------------------
Andrei Loktionov 1 1 2 0 0 5 1 1 0 0 8/13 15:54 2:34 0:00
Brandon Prust 0 0 0 0 0 4 2 0 2 0 0/0 21:03 2:39 2:18
Cam Janssen 0 1 1 0 0 5 2 0 1 0 0/0 18:20 2:34 1:12
Cody Franson 0 0 0 0 0 2 0 2 0 1 0/0 28:48 2:41 3:22
Devin Setoguchi 0 0 0 0 0 3 1 0 2 1 5/10 23:29 2:43 2:55
Greg Pateryn 0 0 0 -1 0 0 0 0 0 0 0/0 15:43 0:00 1:40
J.T. Wyman 0 0 0 0 2 3 2 0 0 1 0/0 13:01 0:00 0:04
James Sheppard 0 0 0 0 0 0 0 0 0 0 0/0 7:34 0:00 0:00
Jared Boll 0 1 1 0 0 1 2 0 1 0 0/0 9:06 0:00 0:00
Mason Raymond 1 0 1 0 0 4 4 1 0 0 0/2 16:09 2:34 0:13
Mathieu Perreault 0 0 0 0 0 1 0 0 0 0 1/3 11:24 0:00 0:00
Nick Spaling 0 0 0 0 0 2 0 1 0 0 1/1 13:50 0:00 1:25
Stu Bickel 0 0 0 0 2 3 2 1 0 0 0/0 27:07 2:41 1:46
Theo Peckham 0 1 1 1 0 0 1 1 0 0 0/0 22:35 2:36 2:49
Torey Krug 0 0 0 -1 0 0 2 1 1 0 0/0 16:21 0:04 0:22
Tyler Cuma 0 0 0 1 4 1 1 0 0 1 0/0 20:19 2:36 1:30
Yan Stastny 0 0 0 0 0 5 5 0 0 1 15/27 23:28 2:43 2:54
Zac Rinaldo 0 0 0 0 0 0 1 0 0 0 3/4 7:49 0:00 0:13
3 Stars
1 - Andrei Loktionov (StJ)
2 - Mason Raymond (StJ)
3 - Jeff Tambellini (Val)
Power Play
Ice Dragons - 0 on 4 Attempt(s) - 0,00%
Staline - 0 on 4 Attempt(s) - 0,00%
Penalty Kill
Ice Dragons - 4 on 4 Attempt(s) - 100,00%
- Score 0 goal in Penalty Kill
Staline - 4 on 4 Attempt(s) - 100,00%
- Score 0 goal in Penalty Kill
Official
Referees : Furlatt Eric and Walkom Stephen
Linesman : Scott Cherrey and Greg Devorski
Game Notes
No Game Note
Finance
Level 1 -- Attendance: 1589 (79,45%) -- Ticket Income 55 615 $
Level 2 -- Attendance: 686 (68,60%) -- Ticket Income 10 290 $
Total Attendance: 2275 (75,83%)
Total Ticket Income: 65 905 $
Other Income: 3 295 $
Total Income: 69 200 $
Ice Dragons
5 vs 5 Forward
Center Left Wing Right Wing Time % Phy DF OF
1 Martin Hanzal Mats Zuccarello Alexander Radulov 39 0 2 3
2 Patrick O'Sullivan Troy Brouwer Cal Clutterbuck 28 0 2 3
3 Kris Beech Jeff Tambellini Raymond Sawada 25 1 2 2
4 John Mitchell Paul Bissonnette Shean Donovan 8 1 3 1
5 vs 5 Defense
Defense Defense Time % Phy DF OF
1 Adam Pardy Kevin Klein 40 0 2 3
2 Matt Walker Boris Valabik 30 0 2 3
3 Tyler Eckford Jonathan Blum 20 1 3 1
4 Brayden McNabb Danny Syvret 10 1 3 1
PowerPlay Forward
Center Left Wing Right Wing Time % Phy DF OF
1 Martin Hanzal Mats Zuccarello Alexander Radulov 60 1 1 3
2 Patrick O'Sullivan Troy Brouwer Cal Clutterbuck 40 1 1 3
PowerPlay Defense
Defense Defense Time % Phy DF OF
1 Adam Pardy Kevin Klein 60 0 2 3
2 Jonathan Blum Boris Valabik 40 0 2 3
Penalty Kill 4 Players Forward
Center Wing Time % Phy DF OF
1 Kris Beech Jeff Tambellini 60 1 4 0
2 Cal Clutterbuck Shean Donovan 40 1 4 0
Penalty Kill 4 Players Defense
Defense Defense Time % Phy DF OF
1 Adam Pardy Boris Valabik 60 1 4 0
2 Kevin Klein Danny Syvret 40 1 4 0
Penalty Kill - 3 Players Forward
Forward Time % Phy DF OF
1 Kris Beech 60 0 5 0
2 Shean Donovan 40 0 5 0
Penalty Kill - 3 Players Defense
Defense Defense Time % Phy DF OF
1 Adam Pardy Boris Valabik 60 0 5 0
2 Kevin Klein Danny Syvret 40 0 5 0
4 vs 4 Forward
Center Wing Time % Phy DF OF
1 Patrick O'Sullivan Jeff Tambellini 60 0 2 3
2 Mats Zuccarello Kris Beech 40 0 2 3
4 vs 4 Defense
Defense Defense Time % Phy DF OF
1 Kevin Klein Jonathan Blum 60 1 3 1
2 Danny Syvret Boris Valabik 40 1 3 1
Last Minutes Offensive
Center Left Wing Right Wing Defense Defense
Martin Hanzal Mats Zuccarello Alexander Radulov Adam Pardy Kevin Klein
Last Minutes Defensive
Center Left Wing Right Wing Defense Defense
Kris Beech Jeff Tambellini Shean Donovan Adam Pardy Boris Valabik
Goaltenders
Starting : Anders Nilsson
Backup : Justin Pogge
Extra Forwards
Normal : Troy Brouwer, Patrick O'Sullivan, Cal Clutterbuck - PP : Jeff Tambellini, Shean Donovan - PK : Martin Hanzal
Extra Defensemen
Normal : Tyler Eckford, Jonathan Blum, Brayden McNabb - PP : Tyler Eckford - PK : Jonathan Blum, Brayden McNabb
Penalty Shots
Martin Hanzal, Jeff Tambellini, Troy Brouwer, Alexander Radulov, Mats Zuccarello
Staline
5 vs 5 Forward
Center Left Wing Right Wing Time % Phy DF OF
1 Yan Stastny Brandon Prust Devin Setoguchi 40 1 2 2
2 Andrei Loktionov Mason Raymond Cam Janssen 30 1 2 2
3 Mathieu Perreault Nick Spaling J.T. Wyman 20 1 2 2
4 Zac Rinaldo James Sheppard Jared Boll 10 1 2 2
5 vs 5 Defense
Defense Defense Time % Phy DF OF
1 Cody Franson Stu Bickel 40 1 2 2
2 Theo Peckham Tyler Cuma 30 1 2 2
3 Torey Krug Greg Pateryn 20 1 2 2
4 Cody Franson Stu Bickel 10 1 2 2
PowerPlay Forward
Center Left Wing Right Wing Time % Phy DF OF
1 Yan Stastny Brandon Prust Devin Setoguchi 60 1 2 2
2 Andrei Loktionov Mason Raymond Cam Janssen 40 1 2 2
PowerPlay Defense
Defense Defense Time % Phy DF OF
1 Cody Franson Stu Bickel 60 1 2 2
2 Theo Peckham Tyler Cuma 40 1 2 2
Penalty Kill 4 Players Forward
Center Wing Time % Phy DF OF
1 Devin Setoguchi Yan Stastny 60 1 2 2
2 Brandon Prust Cam Janssen 40 1 2 2
Penalty Kill 4 Players Defense
Defense Defense Time % Phy DF OF
1 Cody Franson Stu Bickel 60 1 2 2
2 Theo Peckham Tyler Cuma 40 1 2 2
Penalty Kill - 3 Players Forward
Forward Time % Phy DF OF
1 Devin Setoguchi 60 1 2 2
2 Yan Stastny 40 1 2 2
Penalty Kill - 3 Players Defense
Defense Defense Time % Phy DF OF
1 Cody Franson Stu Bickel 60 1 2 2
2 Theo Peckham Tyler Cuma 40 1 2 2
4 vs 4 Forward
Center Wing Time % Phy DF OF
1 Devin Setoguchi Yan Stastny 60 1 2 2
2 Brandon Prust Cam Janssen 40 1 2 2
4 vs 4 Defense
Defense Defense Time % Phy DF OF
1 Cody Franson Stu Bickel 60 1 2 2
2 Theo Peckham Tyler Cuma 40 1 2 2
Last Minutes Offensive
Center Left Wing Right Wing Defense Defense
Yan Stastny Brandon Prust Devin Setoguchi Cody Franson Stu Bickel
Last Minutes Defensive
Center Left Wing Right Wing Defense Defense
Yan Stastny Brandon Prust Devin Setoguchi Cody Franson Stu Bickel
Goaltenders
Starting : Tobias Stephan
Backup : Martin Houle
Extra Forwards
Normal : J.T. Wyman, Jared Boll, Nick Spaling - PP : J.T. Wyman, Jared Boll - PK : Nick Spaling
Extra Defensemen
Normal : Torey Krug, Greg Pateryn, Theo Peckham - PP : Torey Krug - PK : Greg Pateryn, Theo Peckham
Penalty Shots
Devin Setoguchi, Yan Stastny, Brandon Prust, Cam Janssen, Andrei Loktionov
% Time on Ice - Ice Dragons
Lines # - Real PCT - Wanted PCT - Time Play
Normal Forward
1 - 36% - 39% - 16:57
2 - 22% - 28% - 10:21
3 - 23% - 25% - 10:44
4 - 19% - 8% - 9:01
Normal Defense
1 - 41% - 40% - 19:14
2 - 29% - 30% - 13:32
3 - 17% - 20% - 8:04
4 - 13% - 10% - 6:13
PP Forward
1 - 52% - 60% - 3:00
2 - 48% - 40% - 2:45
PP Defense
1 - 54% - 60% - 3:07
2 - 46% - 40% - 2:38
PK Forward
1 - 71% - 60% - 3:45
2 - 29% - 40% - 1:32
PK Defense
1 - 55% - 60% - 2:53
2 - 45% - 40% - 2:24
PK3 Forward
1 - 84% - 60% - 0:37
2 - 16% - 40% - 0:07
PK3 Defense
1 - 100% - 60% - 0:44
2 - 0% - 40% - 0:00
44 Forward
1 - 75% - 60% - 4:37
2 - 25% - 40% - 1:34
44 Defense
1 - 60% - 60% - 3:42
2 - 40% - 40% - 2:29
Last Minute Offensive - 0:00
Last Minute Defensive - 0:00
Total
Forward - 65:00
Defense - 65:00
|
% Time on Ice - Staline
Lines # - Real PCT - Wanted PCT - Time Play
Normal Forward
1 - 31% - 40% - 14:44
2 - 28% - 30% - 13:21
3 - 24% - 20% - 11:24
4 - 16% - 10% - 7:34
Normal Defense
1 - 40% - 40% - 18:39
2 - 30% - 30% - 14:08
3 - 28% - 20% - 13:06
4 - 2% - 10% - 1:10
PP Forward
1 - 51% - 60% - 2:43
2 - 49% - 40% - 2:34
PP Defense
1 - 51% - 60% - 2:41
2 - 49% - 40% - 2:36
PK Forward
1 - 78% - 60% - 4:17
2 - 22% - 40% - 1:12
PK Defense
1 - 53% - 60% - 2:56
2 - 47% - 40% - 2:33
PK3 Forward
1 - 100% - 60% - 0:16
2 - 0% - 40% - 0:00
PK3 Defense
1 - 0% - 60% - 0:00
2 - 100% - 40% - 0:16
44 Forward
1 - 82% - 60% - 5:42
2 - 18% - 40% - 1:13
44 Defense
1 - 56% - 60% - 3:53
2 - 44% - 40% - 3:02
Last Minute Offensive - 0:00
Last Minute Defensive - 0:00
Total
Forward - 65:00
Defense - 65:00
|
Play by Play
1st period
0:01 of 1st period - Yan Stastny wins face-off versus Martin Hanzal in neutral zone.
1:34 of 1st period - Snap shot by Cal Clutterbuck.
1:34 of 1st period - Stopped by Tobias Stephan with a rebound.
3:00 of 1st period - Wrist shot by Devin Setoguchi.
3:00 of 1st period - Shot Hit the Post.
3:02 of 1st period - Snap shot by Yan Stastny.
3:02 of 1st period - Deflect By Cal Clutterbuck.
3:02 of 1st period - Shot Blocked by Jonathan Blum.
3:02 of 1st period - Puck is out of play.
3:03 of 1st period - Martin Hanzal wins face-off versus Mason Raymond in Ice Dragons zone.
3:07 of 1st period - Off-side.
3:08 of 1st period - Andrei Loktionov wins face-off versus Martin Hanzal in neutral zone.
3:54 of 1st period - Wrist shot by Mats Zuccarello.
3:54 of 1st period - Shot Misses the Net.
4:50 of 1st period - Wrist shot by Mats Zuccarello.
4:50 of 1st period - Stopped by Tobias Stephan without a rebound.
4:51 of 1st period - Kris Beech wins face-off versus Yan Stastny in Staline zone.
4:52 of 1st period - Slapshot by Jeff Tambellini.
4:52 of 1st period - Shot Misses the Net.
4:54 of 1st period - Wrist shot by Adam Pardy.
4:54 of 1st period - Shot Misses the Net.
4:56 of 1st period - Slapshot by Kevin Klein.
4:56 of 1st period - Shot Misses the Net.
5:00 of 1st period - Wrist shot by Kris Beech.
5:00 of 1st period - Shot Misses the Net.
5:02 of 1st period - Wrist shot by Kevin Klein.
5:02 of 1st period - Shot Misses the Net.
5:04 of 1st period - Wrist shot by Jeff Tambellini.
5:04 of 1st period - Shot Misses the Net.
5:28 of 1st period - Tyler Cuma is hit by Cal Clutterbuck and loses puck.
5:46 of 1st period - Wrist shot by James Sheppard.
5:46 of 1st period - Deflect By Jared Boll.
5:46 of 1st period - Stopped by Anders Nilsson with a rebound.
6:00 of 1st period - Danny Syvret is hit by Yan Stastny and loses puck.
6:13 of 1st period - Kris Beech is hit by Mason Raymond and loses puck.
8:25 of 1st period - Icing by Mason Raymond.
8:26 of 1st period - Patrick O'Sullivan wins face-off versus Yan Stastny in Staline zone.
9:03 of 1st period - Nick Spaling is hit by Adam Pardy and loses puck.
9:52 of 1st period - Tyler Eckford is hit by Brandon Prust and loses puck.
10:17 of 1st period - Wrist shot by Jeff Tambellini.
10:17 of 1st period - Stopped by Tobias Stephan with a rebound.
10:23 of 1st period - Wrist shot by Andrei Loktionov.
10:23 of 1st period - Stopped by Anders Nilsson with a rebound.
10:25 of 1st period - Snap shot by Mason Raymond.
10:25 of 1st period - Stopped by Anders Nilsson without a rebound.
10:26 of 1st period - Yan Stastny wins face-off versus Martin Hanzal in Ice Dragons zone.
10:50 of 1st period - Icing by Mats Zuccarello.
10:51 of 1st period - Andrei Loktionov wins face-off versus Martin Hanzal in Ice Dragons zone.
10:54 of 1st period - Wrist shot by Andrei Loktionov.
10:54 of 1st period - Stopped by Anders Nilsson without a rebound.
10:55 of 1st period - Andrei Loktionov wins face-off versus Patrick O'Sullivan in Ice Dragons zone.
11:05 of 1st period - Snap shot by Andrei Loktionov.
11:05 of 1st period - Stopped by Anders Nilsson with a rebound.
11:07 of 1st period - Snap shot by Andrei Loktionov.
11:07 of 1st period - Shot Misses the Net.
11:31 of 1st period - Wrist shot by Devin Setoguchi.
11:31 of 1st period - Shot Misses the Net.
11:51 of 1st period - Snap shot by Kris Beech.
11:51 of 1st period - Shot Misses the Net.
11:53 of 1st period - Snap shot by Kris Beech.
11:53 of 1st period - Shot Blocked by Cody Franson.
12:05 of 1st period - Slapshot by Cody Franson.
12:05 of 1st period - Deflect By J.T. Wyman.
12:05 of 1st period - Shot Misses the Net.
12:05 of 1st period - Puck is out of play.
12:06 of 1st period - John Mitchell wins face-off versus Mathieu Perreault in Ice Dragons zone.
12:18 of 1st period - Snap shot by J.T. Wyman.
12:18 of 1st period - Stopped by Anders Nilsson without a rebound.
12:19 of 1st period - Martin Hanzal wins face-off versus Yan Stastny in Ice Dragons zone.
12:53 of 1st period - Wrist shot by Cal Clutterbuck.
12:53 of 1st period - Deflect By Troy Brouwer.
12:53 of 1st period - Shot Misses the Net.
12:53 of 1st period - Puck is out of play.
12:54 of 1st period - Andrei Loktionov wins face-off versus Raymond Sawada in Staline zone.
12:54 of 1st period - Andrei Loktionov is hit by Jeff Tambellini.
13:40 of 1st period - Snap shot by Shean Donovan.
13:40 of 1st period - Shot Misses the Net.
13:50 of 1st period - Snap shot by Nick Spaling.
13:50 of 1st period - Stopped by Anders Nilsson without a rebound.
13:51 of 1st period - Andrei Loktionov wins face-off versus Martin Hanzal in Ice Dragons zone.
14:02 of 1st period - Slapshot by Cam Janssen.
14:02 of 1st period - Stopped by Anders Nilsson with a rebound.
14:04 of 1st period - Wrist shot by Cam Janssen.
14:04 of 1st period - Shot Misses the Net.
14:06 of 1st period - Wrist shot by Cam Janssen.
14:06 of 1st period - Stopped by Anders Nilsson with a rebound.
14:18 of 1st period - Yan Stastny is hit by Cal Clutterbuck and loses puck.
14:25 of 1st period - Wrist shot by Troy Brouwer.
14:25 of 1st period - Shot Misses the Net.
14:27 of 1st period - Wrist shot by Cal Clutterbuck.
14:27 of 1st period - Stopped by Tobias Stephan without a rebound.
14:28 of 1st period - Andrei Loktionov wins face-off versus Jeff Tambellini in Staline zone.
14:33 of 1st period - Andrei Loktionov is hit by Raymond Sawada and loses puck.
14:40 of 1st period - Wrist shot by Jeff Tambellini.
14:40 of 1st period - Goal by Jeff Tambellini - Ice Dragons : 1 - Staline : 0.
14:41 of 1st period - Yan Stastny wins face-off versus Martin Hanzal in neutral zone.
14:46 of 1st period - Wrist shot by Yan Stastny.
14:46 of 1st period - Deflect By Brandon Prust.
14:46 of 1st period - Stopped by Anders Nilsson with a rebound.
15:06 of 1st period - Patrick O'Sullivan is hit by Mason Raymond and loses puck.
15:35 of 1st period - Snap shot by J.T. Wyman.
15:35 of 1st period - Shot Misses the Net.
15:41 of 1st period - Minor Penalty to Raymond Sawada for Hooking.
15:42 of 1st period - Yan Stastny wins face-off versus Kris Beech in Ice Dragons zone.
15:55 of 1st period - Snap shot by Brandon Prust.
15:55 of 1st period - Stopped by Anders Nilsson without a rebound.
15:56 of 1st period - Kris Beech wins face-off versus Yan Stastny in Ice Dragons zone.
15:56 of 1st period - Kris Beech is hit by Yan Stastny.
17:02 of 1st period - Theo Peckham is hit by Kris Beech and loses puck.
17:30 of 1st period - Cody Franson is hit by John Mitchell and loses puck.
17:41 of 1st period - Penalty to Raymond Sawada is over, Raymond Sawada is back on ice.
18:01 of 1st period - Adam Pardy is hit by Zac Rinaldo and loses puck.
18:40 of 1st period - Martin Hanzal is hit by Stu Bickel and loses puck.
18:49 of 1st period - Snap shot by J.T. Wyman.
18:49 of 1st period - Shot Blocked by Tyler Eckford.
19:27 of 1st period - Slapshot by Troy Brouwer.
19:27 of 1st period - Shot Blocked by Theo Peckham.
19:39 of 1st period - Greg Pateryn is hit by Kris Beech and loses puck.
Goals for this period are 1 for Ice Dragons vs 0 for Staline.
Shots for this period are 5 for Ice Dragons vs 11 for Staline.
2nd period
0:01 of 2nd period - Yan Stastny wins face-off versus Martin Hanzal in neutral zone.
0:08 of 2nd period - Snap shot by Devin Setoguchi.
0:08 of 2nd period - Stopped by Anders Nilsson with a rebound.
0:10 of 2nd period - Snap shot by Brandon Prust.
0:10 of 2nd period - Stopped by Anders Nilsson with a rebound.
0:51 of 2nd period - Wrist shot by Kris Beech.
0:51 of 2nd period - Deflect By Mathieu Perreault.
0:51 of 2nd period - Stopped by Tobias Stephan with a rebound.
0:53 of 2nd period - Snap shot by Jeff Tambellini.
0:53 of 2nd period - Shot Misses the Net.
0:55 of 2nd period - Snap shot by Kris Beech.
0:55 of 2nd period - Shot Blocked by Cody Franson.
0:57 of 2nd period - Wrist shot by Kris Beech.
0:57 of 2nd period - Shot Blocked by Nick Spaling.
1:29 of 2nd period - Wrist shot by James Sheppard.
1:29 of 2nd period - Shot Blocked by Jonathan Blum.
1:31 of 2nd period - Wrist shot by Cody Franson.
1:31 of 2nd period - Shot Misses the Net.
1:33 of 2nd period - Slapshot by Stu Bickel.
1:33 of 2nd period - Stopped by Anders Nilsson without a rebound.
1:34 of 2nd period - Martin Hanzal wins face-off versus Andrei Loktionov in Ice Dragons zone.
1:37 of 2nd period - Snap shot by Andrei Loktionov.
1:37 of 2nd period - Stopped by Anders Nilsson with a rebound.
1:45 of 2nd period - Icing by Andrei Loktionov.
1:46 of 2nd period - Martin Hanzal wins face-off versus Andrei Loktionov in Staline zone.
1:47 of 2nd period - Wrist shot by Mats Zuccarello.
1:47 of 2nd period - Shot Blocked by Mason Raymond.
2:00 of 2nd period - Snap shot by Martin Hanzal.
2:00 of 2nd period - Stopped by Tobias Stephan with a rebound.
2:21 of 2nd period - Wrist shot by Patrick O'Sullivan.
2:21 of 2nd period - Stopped by Tobias Stephan with a rebound.
2:35 of 2nd period - Wrist shot by Cam Janssen.
2:35 of 2nd period - Shot Misses the Net.
2:37 of 2nd period - Wrist shot by Andrei Loktionov.
2:37 of 2nd period - Goal by Andrei Loktionov - Ice Dragons : 1 - Staline : 1.
2:38 of 2nd period - Yan Stastny wins face-off versus Alexander Radulov in neutral zone.
2:49 of 2nd period - Wrist shot by Devin Setoguchi.
2:49 of 2nd period - Stopped by Anders Nilsson without a rebound.
2:50 of 2nd period - Yan Stastny wins face-off versus Martin Hanzal in Ice Dragons zone.
2:55 of 2nd period - Snap shot by Yan Stastny.
2:55 of 2nd period - Shot Blocked by Kevin Klein.
2:57 of 2nd period - Wrist shot by Stu Bickel.
2:57 of 2nd period - Stopped by Anders Nilsson without a rebound.
2:58 of 2nd period - Yan Stastny wins face-off versus Martin Hanzal in Ice Dragons zone.
4:50 of 2nd period - Snap shot by Troy Brouwer.
4:50 of 2nd period - Goal by Troy Brouwer - Ice Dragons : 2 - Staline : 1.
4:51 of 2nd period - Martin Hanzal wins face-off versus Yan Stastny in neutral zone.
5:46 of 2nd period - Snap shot by Alexander Radulov.
5:46 of 2nd period - Shot Misses the Net.
5:48 of 2nd period - Snap shot by Alexander Radulov.
5:48 of 2nd period - Stopped by Tobias Stephan without a rebound.
5:49 of 2nd period - Yan Stastny wins face-off versus Kris Beech in Staline zone.
6:38 of 2nd period - Shean Donovan is hit by Torey Krug and loses puck.
6:52 of 2nd period - Icing by Kevin Klein.
6:53 of 2nd period - John Mitchell wins face-off versus Yan Stastny in Ice Dragons zone.
6:58 of 2nd period - John Mitchell is hit by Stu Bickel and loses puck.
7:05 of 2nd period - Snap shot by Yan Stastny.
7:05 of 2nd period - Stopped by Anders Nilsson with a rebound.
7:07 of 2nd period - Snap shot by Devin Setoguchi.
7:07 of 2nd period - Shot Misses the Net.
7:30 of 2nd period - Minor Penalty to J.T. Wyman for Hooking.
7:31 of 2nd period - Martin Hanzal wins face-off versus Devin Setoguchi in Staline zone.
9:13 of 2nd period - Minor Penalty to Tyler Cuma for Holding.
9:14 of 2nd period - Martin Hanzal wins face-off versus Devin Setoguchi in Staline zone.
9:30 of 2nd period - Penalty to J.T. Wyman is over, J.T. Wyman is back on ice.
11:13 of 2nd period - Penalty to Tyler Cuma is over, Tyler Cuma is back on ice.
11:22 of 2nd period - Snap shot by Mason Raymond.
11:22 of 2nd period - Goal by Mason Raymond - Ice Dragons : 2 - Staline : 2.
11:23 of 2nd period - Kris Beech wins face-off versus Andrei Loktionov in neutral zone.
12:46 of 2nd period - Raymond Sawada is hit by J.T. Wyman and loses puck.
13:05 of 2nd period - Slapshot by Raymond Sawada.
13:05 of 2nd period - Stopped by Tobias Stephan with a rebound.
13:07 of 2nd period - Slapshot by Adam Pardy.
13:07 of 2nd period - Shot Misses the Net.
13:11 of 2nd period - Wrist shot by Kris Beech.
13:11 of 2nd period - Stopped by Tobias Stephan without a rebound.
13:12 of 2nd period - Martin Hanzal wins face-off versus Yan Stastny in Staline zone.
13:15 of 2nd period - Snap shot by Mats Zuccarello.
13:15 of 2nd period - Deflect By Alexander Radulov.
13:15 of 2nd period - Shot Misses the Net.
13:15 of 2nd period - Puck is out of play.
13:16 of 2nd period - Yan Stastny wins face-off versus Martin Hanzal in Staline zone.
13:27 of 2nd period - Slapshot by Devin Setoguchi.
13:27 of 2nd period - Stopped by Anders Nilsson with a rebound.
13:29 of 2nd period - Snap shot by Devin Setoguchi.
13:29 of 2nd period - Deflect By Brandon Prust.
13:29 of 2nd period - Stopped by Anders Nilsson with a rebound.
13:31 of 2nd period - Slapshot by Cody Franson.
13:31 of 2nd period - Shot Misses the Net.
14:02 of 2nd period - Slapshot by Stu Bickel.
14:02 of 2nd period - Shot Blocked by Jonathan Blum.
14:04 of 2nd period - Snap shot by Zac Rinaldo.
14:04 of 2nd period - Shot Blocked by Paul Bissonnette.
14:06 of 2nd period - Slapshot by Stu Bickel.
14:06 of 2nd period - Stopped by Anders Nilsson without a rebound.
14:07 of 2nd period - Zac Rinaldo wins face-off versus Martin Hanzal in Ice Dragons zone.
14:10 of 2nd period - Wrist shot by Jared Boll.
14:10 of 2nd period - Shot Misses the Net.
14:14 of 2nd period - Slapshot by Tyler Cuma.
14:14 of 2nd period - Stopped by Anders Nilsson with a rebound.
14:16 of 2nd period - Snap shot by James Sheppard.
14:16 of 2nd period - Shot Misses the Net.
14:20 of 2nd period - Slapshot by Tyler Cuma.
14:20 of 2nd period - Shot Misses the Net.
14:28 of 2nd period - Minor Penalty to Martin Hanzal for Hooking.
14:29 of 2nd period - Kris Beech wins face-off versus Yan Stastny in Ice Dragons zone.
15:07 of 2nd period - Wrist shot by Mason Raymond.
15:07 of 2nd period - Stopped by Anders Nilsson without a rebound.
15:08 of 2nd period - Andrei Loktionov wins face-off versus Cal Clutterbuck in Ice Dragons zone.
16:24 of 2nd period - Icing by Theo Peckham.
16:25 of 2nd period - Yan Stastny wins face-off versus Kris Beech in Staline zone.
16:28 of 2nd period - Penalty to Martin Hanzal is over, Martin Hanzal is back on ice.
16:30 of 2nd period - Snap shot by Martin Hanzal.
16:30 of 2nd period - Shot Misses the Net.
16:36 of 2nd period - Adam Pardy is hit by Theo Peckham and loses puck.
16:45 of 2nd period - Slapshot by Yan Stastny.
16:45 of 2nd period - Stopped by Anders Nilsson with a rebound.
16:54 of 2nd period - Wrist shot by Brandon Prust.
16:54 of 2nd period - Shot Misses the Net.
17:04 of 2nd period - Wrist shot by Yan Stastny.
17:04 of 2nd period - Deflect By Brandon Prust.
17:04 of 2nd period - Shot Misses the Net.
17:04 of 2nd period - Puck is out of play.
17:05 of 2nd period - Mathieu Perreault wins face-off versus Patrick O'Sullivan in Ice Dragons zone.
17:30 of 2nd period - Alexander Radulov is hit by Jared Boll and loses puck.
17:39 of 2nd period - Jared Boll is hit by Martin Hanzal and loses puck.
18:24 of 2nd period - Slapshot by Cal Clutterbuck.
18:24 of 2nd period - Shot Misses the Net.
18:30 of 2nd period - Brayden McNabb is hit by J.T. Wyman.
18:40 of 2nd period - Boris Valabik is hit by Cam Janssen and loses puck.
19:27 of 2nd period - John Mitchell is hit by Torey Krug.
19:37 of 2nd period - Slapshot by Adam Pardy.
19:37 of 2nd period - Stopped by Tobias Stephan with a rebound.
19:39 of 2nd period - Slapshot by Adam Pardy.
19:39 of 2nd period - Deflect By Patrick O'Sullivan.
19:39 of 2nd period - Stopped by Tobias Stephan with a rebound.
Goals for this period are 1 for Ice Dragons vs 2 for Staline.
Shots for this period are 9 for Ice Dragons vs 15 for Staline.
3rd period
0:01 of 3rd period - Yan Stastny wins face-off versus Martin Hanzal in neutral zone.
0:08 of 3rd period - Snap shot by Yan Stastny.
0:08 of 3rd period - Stopped by Anders Nilsson without a rebound.
0:09 of 3rd period - Martin Hanzal wins face-off versus Yan Stastny in Ice Dragons zone.
0:41 of 3rd period - Slapshot by Yan Stastny.
0:41 of 3rd period - Deflect By Devin Setoguchi.
0:41 of 3rd period - Shot Misses the Net.
0:41 of 3rd period - Puck is out of play.
0:42 of 3rd period - Andrei Loktionov wins face-off versus Patrick O'Sullivan in Ice Dragons zone.
0:53 of 3rd period - Slapshot by Andrei Loktionov.
0:53 of 3rd period - Shot Misses the Net.
0:55 of 3rd period - Wrist shot by Cam Janssen.
0:55 of 3rd period - Stopped by Anders Nilsson without a rebound.
0:56 of 3rd period - Jeff Tambellini wins face-off versus Yan Stastny in Ice Dragons zone.
1:21 of 3rd period - Mason Raymond is hit by Mats Zuccarello and loses puck.
1:49 of 3rd period - Tyler Cuma is hit by Kevin Klein and loses puck.
2:08 of 3rd period - Snap shot by Paul Bissonnette.
2:08 of 3rd period - Shot Hit the Post.
2:10 of 3rd period - Wrist shot by John Mitchell.
2:10 of 3rd period - Shot Misses the Net.
2:12 of 3rd period - Wrist shot by Shean Donovan.
2:12 of 3rd period - Shot Blocked by Torey Krug.
2:14 of 3rd period - Wrist shot by Paul Bissonnette.
2:14 of 3rd period - Shot Misses the Net.
2:44 of 3rd period - Snap shot by Cam Janssen.
2:44 of 3rd period - Stopped by Anders Nilsson without a rebound.
2:45 of 3rd period - Martin Hanzal wins face-off versus Mason Raymond in Ice Dragons zone.
3:07 of 3rd period - Wrist shot by Martin Hanzal.
3:07 of 3rd period - Stopped by Tobias Stephan with a rebound.
3:09 of 3rd period - Snap shot by Martin Hanzal.
3:09 of 3rd period - Shot Blocked by Andrei Loktionov.
3:11 of 3rd period - Snap shot by Matt Walker.
3:11 of 3rd period - Shot Misses the Net.
3:17 of 3rd period - Slapshot by Mats Zuccarello.
3:17 of 3rd period - Stopped by Tobias Stephan with a rebound.
3:19 of 3rd period - Slapshot by Matt Walker.
3:19 of 3rd period - Deflect By Mason Raymond.
3:19 of 3rd period - Stopped by Tobias Stephan without a rebound.
3:20 of 3rd period - Troy Brouwer wins face-off versus Yan Stastny in Staline zone.
3:21 of 3rd period - Slapshot by Cal Clutterbuck.
3:21 of 3rd period - Stopped by Tobias Stephan with a rebound.
3:23 of 3rd period - Wrist shot by Troy Brouwer.
3:23 of 3rd period - Stopped by Tobias Stephan without a rebound.
3:24 of 3rd period - Yan Stastny wins face-off versus Patrick O'Sullivan in Staline zone.
3:24 of 3rd period - Yan Stastny is hit by Cal Clutterbuck.
3:27 of 3rd period - Minor Penalty to Tyler Cuma for Goalie Interference.
3:28 of 3rd period - Devin Setoguchi wins face-off versus Martin Hanzal in Staline zone.
3:31 of 3rd period - Minor Penalty to Martin Hanzal for Hooking.
3:32 of 3rd period - Devin Setoguchi wins face-off versus Patrick O'Sullivan in Ice Dragons zone.
3:36 of 3rd period - Wrist shot by Yan Stastny.
3:36 of 3rd period - Shot Blocked by Kevin Klein.
3:42 of 3rd period - Snap shot by Jeff Tambellini.
3:42 of 3rd period - Shot Hit the Post.
3:44 of 3rd period - Backhand shot by Patrick O'Sullivan.
3:44 of 3rd period - Shot Misses the Net.
3:46 of 3rd period - Snap shot by Patrick O'Sullivan.
3:46 of 3rd period - Stopped by Tobias Stephan without a rebound.
3:47 of 3rd period - Devin Setoguchi wins face-off versus Patrick O'Sullivan in Staline zone.
3:47 of 3rd period - Devin Setoguchi is hit by Jeff Tambellini.
3:53 of 3rd period - Snap shot by Cody Franson.
3:53 of 3rd period - Deflect By Kevin Klein.
3:53 of 3rd period - Stopped by Anders Nilsson without a rebound.
3:54 of 3rd period - Patrick O'Sullivan wins face-off versus Devin Setoguchi in Ice Dragons zone.
4:03 of 3rd period - Wrist shot by Jeff Tambellini.
4:03 of 3rd period - Shot Blocked by Stu Bickel.
4:05 of 3rd period - Slapshot by Patrick O'Sullivan.
4:05 of 3rd period - Stopped by Tobias Stephan with a rebound.
4:45 of 3rd period - Jonathan Blum is hit by Cam Janssen.
5:16 of 3rd period - Theo Peckham is hit by Boris Valabik and loses puck.
5:27 of 3rd period - Penalty to Tyler Cuma is over, Tyler Cuma is back on ice.
5:31 of 3rd period - Penalty to Martin Hanzal is over, Martin Hanzal is back on ice.
5:58 of 3rd period - Slapshot by Jeff Tambellini.
5:58 of 3rd period - Shot Misses the Net.
6:40 of 3rd period - Wrist shot by Martin Hanzal.
6:40 of 3rd period - Stopped by Tobias Stephan without a rebound.
6:41 of 3rd period - John Mitchell wins face-off versus Andrei Loktionov in Staline zone.
6:50 of 3rd period - Snap shot by John Mitchell.
6:50 of 3rd period - Shot Misses the Net.
7:36 of 3rd period - John Mitchell is hit by Mason Raymond and loses puck.
7:57 of 3rd period - Wrist shot by J.T. Wyman.
7:57 of 3rd period - Stopped by Anders Nilsson with a rebound.
7:59 of 3rd period - Snap shot by Mathieu Perreault.
7:59 of 3rd period - Stopped by Anders Nilsson with a rebound.
8:06 of 3rd period - Icing by Kris Beech.
8:07 of 3rd period - Zac Rinaldo wins face-off versus Kris Beech in Ice Dragons zone.
8:12 of 3rd period - Slapshot by Mason Raymond.
8:12 of 3rd period - Stopped by Anders Nilsson with a rebound.
8:14 of 3rd period - Snap shot by Cody Franson.
8:14 of 3rd period - Stopped by Anders Nilsson with a rebound.
8:16 of 3rd period - Wrist shot by Cam Janssen.
8:16 of 3rd period - Stopped by Anders Nilsson without a rebound.
8:17 of 3rd period - Martin Hanzal wins face-off versus Andrei Loktionov in Ice Dragons zone.
8:17 of 3rd period - Martin Hanzal is hit by Andrei Loktionov.
8:26 of 3rd period - Minor Penalty to Stu Bickel for Hooking.
8:27 of 3rd period - Martin Hanzal wins face-off versus Devin Setoguchi in Staline zone.
10:26 of 3rd period - Penalty to Stu Bickel is over, Stu Bickel is back on ice.
10:32 of 3rd period - Off-side.
10:33 of 3rd period - Kris Beech wins face-off versus Zac Rinaldo in neutral zone.
10:58 of 3rd period - John Mitchell is hit by Mason Raymond and loses puck.
11:48 of 3rd period - Kevin Klein is hit by Yan Stastny and loses puck.
11:57 of 3rd period - Slapshot by Yan Stastny.
11:57 of 3rd period - Stopped by Anders Nilsson with a rebound.
12:34 of 3rd period - Icing by Patrick O'Sullivan.
12:35 of 3rd period - Patrick O'Sullivan wins face-off versus Yan Stastny in Ice Dragons zone.
13:40 of 3rd period - James Sheppard is hit by Paul Bissonnette and loses puck.
13:47 of 3rd period - Jonathan Blum is hit by Jared Boll and loses puck.
14:04 of 3rd period - Snap shot by Yan Stastny.
14:04 of 3rd period - Shot Misses the Net.
14:06 of 3rd period - Slapshot by Devin Setoguchi.
14:06 of 3rd period - Shot Blocked by John Mitchell.
15:18 of 3rd period - Slapshot by Boris Valabik.
15:18 of 3rd period - Deflect By Kris Beech.
15:18 of 3rd period - Stopped by Tobias Stephan with a rebound.
16:57 of 3rd period - Off-side.
16:58 of 3rd period - Zac Rinaldo wins face-off versus John Mitchell in neutral zone.
17:23 of 3rd period - Paul Bissonnette is hit by Yan Stastny.
17:27 of 3rd period - Shean Donovan is hit by Yan Stastny and loses puck.
17:52 of 3rd period - Slapshot by Nick Spaling.
17:52 of 3rd period - Stopped by Anders Nilsson without a rebound.
17:53 of 3rd period - Kris Beech wins face-off versus Mathieu Perreault in Ice Dragons zone.
18:07 of 3rd period - Snap shot by J.T. Wyman.
18:07 of 3rd period - Stopped by Anders Nilsson without a rebound.
18:08 of 3rd period - Yan Stastny wins face-off versus Martin Hanzal in Ice Dragons zone.
18:17 of 3rd period - Slapshot by Brandon Prust.
18:17 of 3rd period - Shot Misses the Net.
18:21 of 3rd period - Snap shot by Yan Stastny.
18:21 of 3rd period - Stopped by Anders Nilsson without a rebound.
18:22 of 3rd period - Nick Spaling wins face-off versus Kris Beech in Ice Dragons zone.
18:35 of 3rd period - Wrist shot by Jeff Tambellini.
18:35 of 3rd period - Stopped by Tobias Stephan without a rebound.
18:36 of 3rd period - Kris Beech wins face-off versus Devin Setoguchi in Staline zone.
18:44 of 3rd period - Minor Penalty to Adam Pardy for Hooking.
18:45 of 3rd period - Yan Stastny wins face-off versus Kris Beech in Ice Dragons zone.
19:42 of 3rd period - Jeff Tambellini is hit by Devin Setoguchi and loses puck.
Goals for this period are 0 for Ice Dragons vs 0 for Staline.
Shots for this period are 10 for Ice Dragons vs 13 for Staline.
Overtime #1
0:01 of 1st overtime period - Devin Setoguchi wins face-off versus Kris Beech in neutral zone.
0:44 of 1st overtime period - Penalty to Adam Pardy is over, Adam Pardy is back on ice.
0:59 of 1st overtime period - Wrist shot by Jonathan Blum.
0:59 of 1st overtime period - Deflect By Yan Stastny.
0:59 of 1st overtime period - Stopped by Tobias Stephan without a rebound.
1:00 of 1st overtime period - Devin Setoguchi wins face-off versus Patrick O'Sullivan in Staline zone.
1:35 of 1st overtime period - Snap shot by J.T. Wyman.
1:35 of 1st overtime period - Shot Misses the Net.
1:58 of 1st overtime period - Slapshot by Theo Peckham.
1:58 of 1st overtime period - Shot Misses the Net.
3:07 of 1st overtime period - Kris Beech is hit by Tyler Cuma and loses puck.
3:29 of 1st overtime period - Kevin Klein is hit by Brandon Prust and loses puck.
4:43 of 1st overtime period - Nick Spaling is hit by John Mitchell and loses puck.
Goals for this period are 0 for Ice Dragons vs 0 for Staline.
Shots for this period are 1 for Ice Dragons vs 0 for Staline.
ShootOut
5:00 of 1st overtime period - Penalty Shot by Martin Hanzal for Ice Dragons.
5:00 of 1st overtime period - Wrist shot by Martin Hanzal.
5:00 of 1st overtime period - Stopped by Tobias Stephan.
5:00 of 1st overtime period - Penalty Shot by Devin Setoguchi for Staline.
5:00 of 1st overtime period - Deke by Devin Setoguchi.
5:00 of 1st overtime period - Stopped by Anders Nilsson.
5:00 of 1st overtime period - Penalty Shot by Jeff Tambellini for Ice Dragons.
5:00 of 1st overtime period - Wrist shot by Jeff Tambellini.
5:00 of 1st overtime period - Shot Misses the Net.
5:00 of 1st overtime period - Penalty Shot by Yan Stastny for Staline.
5:00 of 1st overtime period - Deke by Yan Stastny.
5:00 of 1st overtime period - Stopped by Anders Nilsson.
5:00 of 1st overtime period - Penalty Shot by Troy Brouwer for Ice Dragons.
5:00 of 1st overtime period - Snap shot by Troy Brouwer.
5:00 of 1st overtime period - Stopped by Tobias Stephan.
5:00 of 1st overtime period - Penalty Shot by Brandon Prust for Staline.
5:00 of 1st overtime period - Backhand shot by Brandon Prust.
5:00 of 1st overtime period - Stopped by Anders Nilsson.
5:00 of 1st overtime period - Penalty Shot by Alexander Radulov for Ice Dragons.
5:00 of 1st overtime period - Snap shot by Alexander Radulov.
5:00 of 1st overtime period - Shot Misses the Net.
5:00 of 1st overtime period - Penalty Shot by Cam Janssen for Staline.
5:00 of 1st overtime period - Deke by Cam Janssen.
5:00 of 1st overtime period - Goal by Cam Janssen.
Output by the SimonT Hockey Simulator (STHS) for François Prévost -- Original Page W3C XHTML 1.0 Valid